 Dungeon Crawl Stone Soup version 0.26-a0-403-g5864c69 (webtiles) character file.

Game seed: 4800913732882429939

26 smeego the Skirmisher (level 3, -1/26 HPs)
             Began as an Octopode Fighter on July 23, 2020.
             Slain by a white imp (5 damage)
             ... on level 2 of the Dungeon.
             The game lasted 00:01:08 (1001 turns).

smeego the Skirmisher (Octopode Fighter)            Turns: 1001, Time: 00:01:09

Health: -1/26      AC:  1    Str: 15    XL:     3   Next: 8%
Magic:  3/3        EV: 11    Int: 10    God:
Gold:   0          SH:  8    Dex: 12    Spells: 2/2 levels left

rFire    . . .     SeeInvis .   a - +0 long sword
rCold    . . .     Faith    .   b - +0 kite shield
rNeg     . . .     Spirit   .   (helmet restricted)
rPois    .         Reflect  .   f - amulet of magic regeneration
rElec    .         Harm     .   (no ring)
rCorr    .                      (no ring)
MR       .....                  (no ring)
Stlth    +++.......             (no ring)
HPRegen  0.08/turn              (no ring)
MPRegen  0.33/turn              (no ring)
                                (no ring)
                                (no ring)

@: no status effects
A: almost no armour, stealthy swim, amphibious, 8 rings, constrict 8, camouflage
1, gelatinous body 1
a: no special abilities


You were on level 2 of the Dungeon.
You visited 1 branch of the dungeon, and saw 2 of its levels.

Inventory:

Hand Weapons
 a - a +0 long sword (weapon)
Armour
 b - a +0 kite shield (worn)
Jewellery
 f - an amulet of magic regeneration (around mantle)
Potions
 c - a potion of might


   Skills:
 + Level 3.2 Fighting
 * Level 2.6 Long Blades
 + Level 3.1 Dodging
 + Level 1.1 Stealth
 + Level 3.1 Shields
 + Level 0.4 Unarmed Combat


You had 2 spell levels left.
You didn't know any spells.
Your spell library was empty.

Dungeon Overview and Level Annotations

Branches:
Dungeon (2/15)

Altars:


Innate Abilities, Weirdness & Mutations

You cannot wear most types of armour.
You are very stealthy in the water. (Stealth+)
You are amphibious.
You can wear up to eight rings at the same time.
You can use your tentacles to constrict eight enemies at once.
Your skin changes colour to match your surroundings (Stealth+).
Your rubbery body absorbs attacks. (AC +1, EV +1)


Message History

Your grab misses the white imp. The white imp barely misses you.
The jackal barely misses you.
You riposte.
You hit the jackal but do no damage. Your grab misses the jackal.
There are monsters nearby!
You hit the white imp. Your grab misses the white imp.
The white imp is moderately wounded.
The jackal barely misses you.
You riposte.
You hit the jackal.
You kill the jackal!
The white imp gestures at you. The puff of frost hits you.
The white imp gestures at you. The puff of frost hits you.
It was a potion of magic.
Magic courses through your body. The white imp barely misses you.
You completely miss the white imp. Your grab misses the white imp.
The white imp is moderately wounded.
The white imp hits you.
* * * LOW HITPOINT WARNING * * *
The white imp freezes you.
You die...

...# ...# ......##...
..# .......... ..####
......... ......
#......# ..#### ..
#.$....## ..# .#
###.......## ### #.#
#...h5...... #
#.####.#.@...#
########.#.........##
.†...........[##....#
...!....##.............
...(.((..)....#.......#
...###...............##
.#...#...#...........#
!......#######.........
........ .........


You could see a white imp and a jackal.

Vanquished Creatures
  2 leopard geckos (D:1)
  A giant cockroach (D:1)
  3 hobgoblins (D:1)
  A jackal (D:2)
  A quokka (D:2)
  4 bats
  2 frilled lizards (D:1)
  2 goblins
  7 kobolds
  2 rats (D:1)
25 creatures vanquished.

Notes
Turn   | Place    | Note
-------+----------+-------------------------------------------
     0 | D:1      | smeego the Octopode Fighter began the quest for the Orb.
     0 | D:1      | Reached XP level 1. HP: 16/16 MP: 1/1
   235 | D:1      | Reached XP level 2. HP: 21/21 MP: 2/2
   931 | D:2      | Reached skill level 1 in Stealth
   933 | D:2      | Reached XP level 3. HP: 25/26 MP: 3/3
  1001 | D:2      | Slain by a white imp

Illustrated notes

Levels and vault maps discovered:
D:1:      psy_arrival_spokes, layout_basic
D:2:      layout_rooms, nicolae_dithmenos_shadow_blocks

Skill      XL: |  1  2 |
---------------+-------+-----
Stealth        | 1 |  1.1
Fighting       | |  3.2
Long Blades    | |  2.6
Dodging        | |  3.1
Shields        | |  3.1
Unarmed Combat | |  0.4

Action                   || total
-------------------------++-------
Melee: Long sword        ||    44
       Constrict         ||    15
       Tentacles         ||    11
  Use: Scroll            ||     2
       Potion            ||     1
 Stab: Sleeping          ||     5
Armor: Skin              ||     8
Dodge: Dodged            ||    26
Block: Kite shield       ||    20
       Rpst.: Long sword ||     6

Table legend: (Time is in decaauts)
 A = Elapsed time spent in this place.
 B = Non-inter-level travel time spent in this place.
 C = Inter-level travel time spent in this place.
 D = Time resting spent in this place.
 E = Time spent auto-exploring this place.
 F = Levels seen in this place.
 G = Mean time per level.
                   A        B        C        D        E       F      G
               +--------+--------+--------+--------+--------+-----+--------+
         Total |   1016 |    980 |     36 |      0 |    817 |   2 |  508.0 |
       Dungeon |   1016 |    980 |     36 |      0 |    817 |   2 |  508.0 |
               +--------+--------+--------+--------+--------+-----+--------+

Top non-repeatable levels by time:
     D:1: 924 daAuts
     D:2: 91 daAuts
